 Dungeon Crawl Stone Soup version 0.20.0-6-gd3061e9 (webtiles) character file.

939 MTVSty1e the Cleaver (level 7, -3/67 HPs)
             Began as a Minotaur Warper on May 28, 2017.
             Was a Follower of Okawaru.
             Slain by an ogre
             ... wielding a +0 giant club
              (15 damage)
             ... on level 5 of the Dungeon.
             The game lasted 00:09:22 (5815 turns).

MTVSty1e the Cleaver (Minotaur Warper)              Turns: 5815, Time: 00:09:23

Health: -3/67      AC: 11    Str: 18    XL:     7   Next: 87%
Magic:  6/8        EV: 13    Int: 10    God:    Okawaru [*.....]
Gold:   238        SH:  0    Dex:  9    Spells: 8/8 levels left

rFire    . . .     SeeInvis .   a - +1 hand axe
rCold    . . .     Gourm    .   (no shield)
rNeg     . . .     Faith    .   o - +4 ring mail {rPois}
rPois    +         Spirit   .   (helmet restricted)
rElec    .         Reflect  .   j - +0 cloak
rCorr    +         Harm     .   (no gloves)
MR       .....                  (no boots)
Stlth    +.........             (no amulet)
Regen    0.3/turn               f - ring of flight
MPRegen  0.2/turn               b - ring of resist corrosion

@: confused, heroism, slowed, very slow
A: retaliatory headbutt, horns 2
a: Heroism, Renounce Religion, Evoke Flight


You were on level 5 of the Dungeon.
You worshipped Okawaru.
Okawaru was aware of your devotion.
You were not hungry.

You visited 2 branches of the dungeon, and saw 6 of its levels.

You collected 238 gold pieces.

Inventory:

Hand Weapons
 a - a +1 hand axe (weapon)
Missiles
 e - 5 tomahawks of dispersal (quivered)
Armour
 j - a +0 cloak (worn)
 o - a +4 ring mail of poison resistance (worn)
 u - a +0 scale mail
Jewellery
 b - a ring of resist corrosion (right hand)
 f - a ring of flight (left hand)
 s - a +4 ring of intelligence
 y - an uncursed ring of fire {unknown}
 C - an uncursed ring of magical power
Wands
 B - a wand of enslavement (6/24)
Scrolls
 d - a scroll of blinking
 l - a scroll of teleportation
 m - 3 scrolls of identify
 n - a scroll of amnesia
 t - a scroll of fog
 v - 3 scrolls of immolation
 w - 4 scrolls of remove curse
Potions
 h - a potion of haste {unknown}
 i - a potion of lignification {unknown}
 k - a potion of heal wounds {unknown}
 p - 2 potions of brilliance
 q - a potion of degeneration {unknown}
 r - 2 potions of ambrosia {unknown}
 x - a potion of flight {unknown}
Books
 c - a book of Spatial Translocations

   Spells                             Type                      Level
   a - Blink                          Translocation                2
   b - Shroud of Golubria             Charms/Translocation         2
   c - Lesser Beckoning               Translocation                3
   d - Gell's Gravitas                Translocation                3
   e - Teleport Other                 Translocation                3
   f - Passage of Golubria            Translocation                4
Comestibles
 z - a royal jelly


   Skills:
 + Level 7.8(12.8) Fighting
 + Level 8.2(13.2) Axes
 - Level 1.0(6.0) Throwing
 - Level 1.2(6.2) Armour
 - Level 2.1(7.1) Dodging
 - Level 1.3 Spellcasting
   Level 2.1 Translocations


You had 8 spell levels left.
You didn't know any spells.

Dungeon Overview and Level Annotations

Branches:
Dungeon (5/15)             Temple (1/1) D:4

Altars:
Cheibriados
Hepliaklqana
Kikubaaqudgha
Okawaru
Sif Muna
Xom
Zin

Annotations:
D:4 greprep's ghost, amateur MiFi


Innate Abilities, Weirdness & Mutations

You reflexively headbutt those who attack you in melee.
You have a pair of horns on your head.


Message History

You gain the combat prowess of a mighty hero.
The orc wizard hits you but does no damage.
The orc wizard points at you and mumbles some strange words.
The puff of flame hits you! The orc barely misses you.
The orc wizard misses you. The ogre barely misses you.
The orc wizard points at you and mumbles some strange words.
You are confused.
You are too injured to fight recklessly!
You're too confused to move!
The orc wizard hits you but does no damage.
The orc closely misses you.
The orc wizard hits you but does no damage.
The ogre hits you with a giant club!
* * * LOW HITPOINT WARNING * * *
The orc wizard hits you but does no damage.
You bump into the rock wall.
The orc wizard hits you but does no damage.
The orc closely misses you. The orc wizard misses you.
The ogre hits you with a giant club!
You die...

#.....###..# #.##
#.....###.## #..#
#.....#...# ##.#
#.....#...# #.#
#...[.#...# #.##
#.....#...# #..#
####.....#...#######.#
.......O.#...##....#.#
.......o@o5..##....#.###
$......o.#.............#
......####.##.#######..#
#####. #.............# #
####.#..###.#.#
...#......#.#
###.#.######.. ###.# ...
#.# ...


You could see an ogre, 2 orc wizards, a shadow imp and an orc.

Vanquished Creatures
  Grinder (D:4)
  An ogre (D:4)
  A bullfrog (D:4)
  Blork the orc (D:4)
  A scorpion (D:4)
  A crimson imp (D:5)
  Crazy Yiuf (D:2)
  A hound (Temple)
  A quasit (D:4)
  An orc wizard (D:3)
  3 worker ants
  An iguana (D:5)
  Terence (D:3)
  Robin (D:4)
  7 adders
  2 oozes
  2 dart slugs
  3 worms
  4 leopard geckos
  14 orcs
  2 ball pythons
  6 giant cockroaches
  9 hobgoblins
  11 jackals
  8 kobolds
  3 quokkas
  4 bats
  3 frilled lizards
  21 goblins
  5 rats
120 creatures vanquished.

Notes
Turn   | Place    | Note
-------+----------+-------------------------------------------
     0 | D:1      | MTVSty1e the Minotaur Warper began the quest for the Orb.
     0 | D:1      | Reached XP level 1. HP: 18/18 MP: 1/1
   143 | D:1      | Reached XP level 2. HP: 24/25 MP: 3/3
   208 | D:1      | Reached skill level 3 in Axes
   522 | D:1      | Reached XP level 3. HP: 22/31 MP: 4/4
  1084 | D:2      | Reached skill level 4 in Axes
  1540 | D:2      | Found a faded altar of an unknown god.
  1853 | D:2      | Found a runed door.
  1979 | D:2      | Noticed Crazy Yiuf
  2047 | D:2      | Killed Crazy Yiuf
  2047 | D:2      | Reached XP level 4. HP: 30/40 MP: 5/5
  2717 | D:3      | Reached skill level 5 in Axes
  2717 | D:3      | Reached XP level 5. HP: 29/47 MP: 6/6
  2792 | D:3      | Found a glowing silver altar of Zin.
  3178 | D:3      | Noticed Terence
  3191 | D:3      | Killed Terence
  3662 | D:3      | Reached skill level 5 in Fighting
  4199 | D:4      | Noticed Blork the orc
  4199 | D:4      | Noticed Grinder
  4240 | D:4      | Found a staircase to the Ecumenical Temple.
  4240 | D:4      | Noticed an ogre
  4245 | Temple   | Entered the Ecumenical Temple
  4253 | Temple   | Became a worshipper of Warmaster Okawaru
  4256 | Temple   | Reached XP level 6. HP: 38/56 MP: 7/7
  4562 | D:4      | Reached skill level 6 in Axes
  4629 | D:4      | Killed Blork the orc
  4685 | D:4      | Noticed greprep's ghost (amateur MiFi)
  5081 | D:4      | Noticed Robin
  5096 | D:4      | Killed Robin
  5196 | D:4      | Reached XP level 7. HP: 64/64 MP: 8/8
  5276 | D:4      | Paralysed by Grinder for 5 turns
  5327 | D:4      | Paralysed by Grinder for 2 turns
  5329 | D:4      | Killed Grinder
  5329 | D:4      | Reached * piety under Okawaru
  5329 | D:4      | Reached skill level 7 in Axes
  5555 | D:5      | Entered Level 5 of the Dungeon
  5599 | D:5      | Reached skill level 8 in Axes
  5815 | D:5      | Slain by an ogre

Skill      XL: |  1  2  3  4  5  6  7 |
---------------+----------------------+-----
Fighting       | 3 4 5 6 7 |  7.8
Axes           | 3 4 5 6 8 |  8.2
Throwing       | |  1.0
Armour         | |  1.2
Dodging        | |  2.1
Spellcasting   | |  1.3
Translocations | |  2.1

Action                   |  1- 3 |  4- 6 |  7- 9 || total
-------------------------+-------+-------+-------++-------
Melee: Hand axe          |   109 |   162 |    65 ||   336
       Headbutt          |    12 |    25 |     8 ||    45
Invok: Heroism           |       |       |     1 ||     1
Evoke: Wand              |       |       |     2 ||     2
  Use: Scroll            |     3 |     9 |     1 ||    13
       Potion            |     1 |     1 |     1 ||     3
  Eat: Meat ration       |     1 |       |       ||     1
       Bread ration      |       |     2 |       ||     2
       Royal jelly       |       |     1 |       ||     1
Armor: Leather armour    |    21 |       |       ||    21
       Scale mail        |     8 |    33 |       ||    41
       Ring mail         |       |    60 |    21 ||    81
Dodge: Dodged            |    66 |   108 |    46 ||   220
